 Dungeon Crawl Stone Soup version 0.31-a0-1091-g283494c966 (webtiles) character file.

Game seed: 5780774037243228730

831 night the Shooter (level 7, -4/45 HPs)
             Began as a Gargoyle Hunter on Nov 28, 2023.
             Slain by a wight
             ... wielding a +5 flail
              (10 damage)
             ... on level 5 of the Dungeon.
             The game lasted 00:06:42 (3291 turns).

night the Shooter (Gargoyle Hunter)                 Turns: 3291, Time: 00:06:43

Health: -4/45      AC: 11    Str: 25    XL:     7   Next: 98%
Magic:  7/7        EV: 17    Int:  8    God:
Gold:   172        SH:  0    Dex: 14    Spells: 6/6 levels left

rFire   . . .        a - +0 shortbow
rCold   . . .        (shield currently unavailable)
rNeg    + . .        c - +0 leather armour
rPois   ∞            (no helmet)
rElec   +            m - +0 cloak
rCorr   .            (no gloves)
SInv    .            (no boots)
Will    .....        (no amulet)
Stlth   +            o - +6 ring of strength
HPRegen 0.27/turn    v - +5 ring of evasion
MPRegen 0.10/turn

%: no passive effects
@: no status effects
A: sickness immunity, AC +4, negative energy resistance 1, electricity
resistance, torment resistance 1, petrification resistance, iridescent scales 1,
strong 1
a: no special abilities


You were on level 5 of the Dungeon.
You visited 1 branch of the dungeon, and saw 5 of its levels.

You collected 172 gold pieces.

Inventory:

Hand Weapons
 a - a +0 shortbow (weapon)
 b - the +6 hand axe "Buewk" {vamp, rPois rC+ Will+ Dex-3}
   (You found it on level 2 of the Dungeon)

   Dex-3:     It affects your dexterity (-3).
   rC+:       It protects you from cold.
   rPois:     It protects you from poison Will+: It increases your willpower.
 g - a +3 dagger of venom
 u - a +1 heavy sling
Missiles
 d - 45 stones
 n - 7 boomerangs
 q - 5 poisoned darts
Armour
 c - a +0 leather armour (worn)
 m - a +0 cloak (worn)
Jewellery
 i - a ring of ice
 o - a +6 ring of strength (left hand)
 v - a +5 ring of evasion (right hand)
Scrolls
 f - a scroll of vulnerability {unknown}
 h - a scroll of butterflies
 j - a scroll of amnesia {unknown}
 k - 2 scrolls of poison {unknown}
 p - 3 scrolls of immolation {unknown}
 w - a scroll of identify {unknown}
 x - a scroll of silence {unknown}
Potions
 e - a potion of lignification {unknown}
 l - a potion of resistance {unknown}
 r - 2 potions of mutation
 s - a potion of might {unknown}
 t - a potion of curing {unknown}


   Skills:
 * Level 5.9 Fighting
 * Level 6.4 Ranged Weapons
 + Level 3.4 Armour
 + Level 3.1 Dodging
 - Level 1.1 Stealth


You had 6 spell levels left.
You didn't know any spells.
Your spell library contained the following spells:

 Spells                   Type           Power      Damage    Failure   Level
 Kiss of Death            Conj/Necr      0%         2d5       43%         1
 Magic Dart               Conj           0%         1d3       43%         1
 Call Imp                 Summ           0%         N/A       58%         2
 Mephitic Cloud           Conj/Pois/Air  0%         N/A       82%         3


Dungeon Overview and Level Annotations

Branches:
Dungeon (5/15)
 Temple: D:4-7

Altars:
Hepliaklqana
Qazlal
Zin

Annotations:
D:3 2 runed translucent doors, NigelTetley's ghost, amateur DgCj


Innate Abilities, Weirdness & Mutations

You are immune to sickness and miasma.
Your stone body is resilient. (AC +4)
You are immune to poison.
You resist negative energy. (rN+)
You are resistant to electric shocks. (rElec)
You are resistant to unholy torment.
You are immune to petrification.
You are partially covered in iridescent scales. (AC +2)
Your muscles are strong. (Str +4, Int/Dex -1)


Message History

The wight hits you with a +2 long sword of protection!
* * * LOW HITPOINT WARNING * * *
You are too injured to fight recklessly!
You are too injured to fight recklessly!
You shoot an arrow. The arrow hits the wight.
You destroy the wight!
You shoot an arrow. The arrow barely misses the wight.
The arrow hits the wight.
The wight is moderately damaged.
The wight barely misses you.
You shoot an arrow.
The arrow hits the wight but does no damage.
The wight is heavily damaged.
The wight hits you with a +5 dire flail.
* * * LOW HITPOINT WARNING * * *
The wight completely misses you.
You shoot an arrow. The arrow hits the wight!
You destroy the wight!
You shoot an arrow. The arrow closely misses the wight.
The arrow hits the wight.
The wight is lightly damaged.
The wight completely misses you.
You shoot an arrow. The arrow closely misses the wight.
The arrow hits the wight.
The wight is lightly damaged.
The wight closely misses you.
You shoot an arrow. The arrow hits the wight!
The wight is heavily damaged.
The wight hits you with a +5 flail.
* * * LOW HITPOINT WARNING * * *
You shoot an arrow.
The arrow hits the wight but does no damage.
The wight is heavily damaged.
The wight hits you with a +5 flail.
* * * LOW HITPOINT WARNING * * *
It was a potion of mutation.
You feel extremely strange.
You feel stronger.
Iridescent scales grow over part of your body.
The wight hits you with a +5 flail!
You die...

..........)))..
......>...).)..
..........####.
.........##### ..........##..
#####.........
##########........###
...######..........#....#####
.....zz@.....................
...##########################


You could see 2 wights.

Vanquished Creatures
  An ogre (D:5)
  A phantom (D:5)
  Blork the orc (D:5)
  A scorpion (D:5)
  2 wights (D:5)
  A howler monkey (D:5)
  2 orc priests
  2 hounds
  2 orc wizards
  An iguana (D:5)
  8 adders
  2 worms
  4 dart slugs
  20 orcs
  5 endoplasms
  A giant cockroach (D:2)
  12 goblins
  11 hobgoblins
  3 jackals (D:1)
  5 kobolds
  2 quokkas (D:1)
  13 ball pythons
  5 bats (D:1)
  4 frilled lizards
  10 rats
119 creatures vanquished.

Notes
Turn   | Place    | Note
-------+----------+-------------------------------------------
     0 | D:1      | night the Gargoyle Hunter began the quest for the Orb.
     0 | D:1      | Reached XP level 1. HP: 12/12 MP: 1/1
    59 | D:1      | Found a faded altar of an unknown god.
    69 | D:1      | Reached XP level 2. HP: 18/18 MP: 2/2
    70 | D:1      | Got Plato's Folio of Forces
   245 | D:1      | Reached skill level 1 in Armour
   304 | D:1      | Reached XP level 3. HP: 22/22 MP: 3/3
   865 | D:2      | Identified the +6 hand axe "Buewk" {vamp, rPois rC+ Will+
                  | Dex-3}
   869 | D:2      | Reached XP level 4. HP: 28/28 MP: 4/4
   873 | D:2      | Reached skill level 2 in Dodging
  1602 | D:3      | Found a large runed translucent door.
  1605 | D:3      | Found a large runed translucent door.
  1611 | D:3      | Noticed NigelTetley's ghost (amateur DgCj)
  1633 | D:3      | Reached XP level 5. HP: 32/33 MP: 5/5
  1742 | D:3      | Reached skill level 5 in Ranged Weapons
  1984 | D:3      | Found a hazy altar of Hepliaklqana.
  1985 | D:3      | Found a glowing silver altar of Zin.
  1987 | D:3      | Found a stormy altar of Qazlal.
  2409 | D:4      | Reached skill level 2 in Armour
  2604 | D:4      | Reached XP level 6. HP: 39/39 MP: 6/6
  3058 | D:5      | Entered Level 5 of the Dungeon
  3092 | D:5      | Reached skill level 5 in Fighting
  3092 | D:5      | Reached XP level 7. HP: 44/44 MP: 7/7
  3124 | D:5      | Reached skill level 6 in Ranged Weapons
  3133 | D:5      | Noticed Blork the orc
  3144 | D:5      | Killed Blork the orc
  3289 | D:5      | HP: 6/45 [wight/+5 flail (2)]
  3291 | D:5      | Gained mutation: Your muscles are strong. (Str +4, Int/Dex
                  | -1) [potion of mutation]
  3291 | D:5      | Gained mutation: You are partially covered in iridescent
                  | scales. (AC +2) [potion of mutation]
  3291 | D:5      | Slain by a wight

Illustrated notes

Levels and vault maps discovered:
D:1:      scummos_arrival_checkerplants, layout_loops_ring,
          shapermc_ecumenical_altar_rom_forum, minmay_pentomino_w4
D:2:      layout_loops_cross, guppyfry_early_lair_pool
D:3:      layout_loops_ring, minitemple, ebering_ghost_disaster_area,
          nicolae_concentric_dashed_squares_wild, grunt_ministairs_2
D:4:      wander_river, layout_basic, minmay_misc_feat_iff
D:5:      layout_rooms, nicolae_uskayaw_dance_hall,
          chequers_temple_overflow_statue_of_worship,
          minmay_temple_entry_drinking_statues, uniq_blork_the_orc, uniq_ijyb,
          uniq_duvessa

Skill      XL: |  1  2  3  4  5  6  7 |
---------------+----------------------+-----
Armour         | 1 2 3 |  3.4
Fighting       | 3 4 5 |  5.9
Dodging        | 2 3 |  3.1
Ranged Weapons | 5 6 |  6.4
Stealth        | |  1.1

Action                     |  1- 3 |  4- 6 |  7- 9 || total
---------------------------+-------+-------+-------++-------
  Melee: Hand axe          |       |    58 |    30 ||    88
   Fire: Shortbow          |   127 |   139 |    34 ||   300
         Sling             |       |     6 |       ||     6
    Use: Potion            |       |       |     1 ||     1
   Stab: Distracted        |       |     1 |       ||     1
 Armour: Leather armour    |    40 |    61 |    49 ||   150
  Dodge: Dodged            |    42 |    92 |    41 ||   175

Table legend: (Time is in decaauts)
 A = Elapsed time spent in this place.
 B = Non-inter-level travel time spent in this place.
 C = Inter-level travel time spent in this place.
 D = Time resting spent in this place.
 E = Time spent auto-exploring this place.
 F = Levels seen in this place.
 G = Mean time per level.
                   A        B        C        D        E       F      G
               +--------+--------+--------+--------+--------+-----+--------+
         Total |   3397 |   3270 |    127 |      0 |   2561 |   5 |  679.4 |
       Dungeon |   3397 |   3270 |    127 |      0 |   2561 |   5 |  679.4 |
               +--------+--------+--------+--------+--------+-----+--------+

Top non-repeatable levels by time:
     D:3: 884 daAuts
     D:1: 878 daAuts
     D:4: 753 daAuts
     D:2: 629 daAuts
     D:5: 250 daAuts
